 Dungeon Crawl Stone Soup version 0.29.1-15-g9cfb28693d (console) character file.

Game seed: 10573562056013687736

16 sentinel the Digger (level 3, 23/26 HPs)
             Began as a Meteoran Earth Elementalist on Aug 19, 2023.
             Quit the game on level 1 of the Dungeon.
             The game lasted 00:00:36 (134 turns).

sentinel the Digger (Meteoran Earth Elementalist)    Turns: 134, Time: 00:00:36

Health: 23/26      AC:  2    Str: 10    XL:     3   Next: 0%
Magic:  0/8        EV: 12    Int: 18    God:
Gold:   0          SH:  0    Dex: 14    Spells: 6/7 levels left

rFire   . . .      SeeInvis .   (no weapon)
rCold   . . .      Faith    .   (no shield)
rNeg    . . .      Spirit   .   a - +0 robe
rPois   .          Reflect  .   (no helmet)
rElec   .          Harm     .   (no cloak)
rCorr   .          Rampage  .   (no gloves)
Will    .....                   (no boots)
Stlth   +.........              (no amulet)
HPRegen 0.08/turn               (no ring)
MPRegen 0.11/turn               (no ring)

@: glowing
A: sense surroundings 1, otherworldly, glowing, explore regen
a: no special abilities


You were on level 1 of the Dungeon.
You visited 1 branch of the dungeon, and saw 1 of its levels.

Inventory:

Armour
 a - a +0 robe (worn)
Potions
 b - a potion of magic


   Skills:
 - Level 2.4 Dodging
 - Level 1.4 Stealth
 - Level 2.6 Spellcasting
 - Level 1.2 Transmutations
 + Level 4.7 Earth Magic


You had 6 spell levels left.
You knew the following spells:

 Your Spells              Type           Power      Damage    Failure   Level
a - Sandblast             Erth           38%        2d10      2%          1

Your spell library contained the following spells:

 Spells                   Type           Power      Damage    Failure   Level
 Passwall                 Tmut/Erth      10%        N/A       8%          2
 Stone Arrow              Conj/Erth      20%        3d8       19%         3
 Petrify                  Tmut/Erth      13%        N/A       45%         4


Dungeon Overview and Level Annotations

Branches:
Dungeon (1/15) Zot: 462

Altars:


Innate Abilities, Weirdness & Mutations

You passively map a small area around you.
You are easily found by Zot.
You glow in the dark.
You regain HP and MP as you explore.


Message History

Unknown command.
But you're not safe!
Unknown command.
But you're not safe!
Unknown command.
The blast of sand hits the hobgoblin.
The hobgoblin is severely wounded.
The blast of sand hits the hobgoblin.
You kill the hobgoblin!
You can't see any susceptible monsters within range! (Use Z to cast anyway.) Unknown command.
You can't see any susceptible monsters within range! (Use Z to cast anyway.) Unknown command.
You can't see any susceptible monsters within range! (Use Z to cast anyway.) Unknown command.
You can't see any susceptible monsters within range! (Use Z to cast anyway.) Unknown command.
No target in view!
No target in view!
You can't see any susceptible monsters within range! (Use Z to cast anyway.) Unknown command.
You can't see any susceptible monsters within range! (Use Z to cast anyway.) Unknown command.
You can't see any susceptible monsters within range! (Use Z to cast anyway.) Unknown command.
You can't see any susceptible monsters within range! (Use Z to cast anyway.) Unknown command.
No target in view!
No target in view!
You can't see any susceptible monsters within range! (Use Z to cast anyway.) Unknown command.
You can't see any susceptible monsters within range! (Use Z to cast anyway.) Unknown command.
You can't see any susceptible monsters within range! (Use Z to cast anyway.) Unknown command.
You can't see any susceptible monsters within range! (Use Z to cast anyway.) Unknown command.
Magic restored.
Found 14 gold pieces.
There is an open door here.
Unknown command.
Found 9 gold pieces.
Unknown command.
You see here 9 gold pieces.
You see here 9 gold pieces.
Found a robe.
Unknown command.
A gnoll comes into view. It is wielding a +0 spear.
Unknown command.
But you're not safe!
Unknown command.
The gnoll shouts!
The blast of sand hits the gnoll.
The gnoll is moderately wounded.
Unknown command.
You miscast Sandblast.
You are very lightly contaminated with residual magic.
Nothing appears to happen.
A bat comes into view.
The blast of sand hits the gnoll!
You kill the gnoll!
The bat hits you but does no damage.
A ball python comes into view.
The bat hits you.
Your Earth Magic skill increases to level 4!
You have reached level 2!
Unknown command.
The ball python hisses angrily.
You hit the bat but do no damage. The bat barely misses you.
You hit the bat.
The bat is moderately wounded.
The bat hits you but does no damage.
A dart slug comes into view.
The blast of sand hits the bat.
You kill the bat!
The ball python bites you. The ball python grabs you.
The ball python constricts you.
Unknown command.
The blast of sand misses the ball python.
The ball python barely misses you. The ball python constricts you.
Your magical contamination has completely faded away.
Unknown command.
You are out of magic!
Unknown command.
You hit the ball python.
The ball python is heavily wounded.
The ball python bites you but does no damage.
The ball python constricts you. The ball python misses you.
The ball python constricts you.
You hit the ball python but do no damage.
The ball python is heavily wounded.
The ball python bites you but does no damage.
The ball python constricts you.
The blast of sand hits the ball python!
You kill the ball python!
The dart slug launches a dart at you. The slug dart misses you.
Unknown command.
You are out of magic!
Unknown command.
You are out of magic!
Unknown command.
You are out of magic!
Unknown command.
But you're not safe!
Unknown command.
But you're not safe!
Unknown command.
But you're not safe!
Unknown command.
But you're not safe!
Unknown command.
But you're not safe!
Unknown command.
The dart slug misses you.
You hit the dart slug.
The dart slug is moderately wounded.
The dart slug launches a dart at you. The slug dart misses you.
The blast of sand hits the dart slug.
The dart slug is almost dead.
The dart slug bites you but does no damage.
Unknown command.
You are out of magic!
Unknown command.
You are out of magic!
Unknown command.
You are out of magic!
Unknown command.
You hit the dart slug but do no damage.
The dart slug is almost dead.
You hit the dart slug.
The dart slug is almost dead.
The dart slug launches a dart at you. The slug dart misses you.
You are out of magic!
Unknown command.
You are out of magic!
Unknown command.
You are out of magic!
Unknown command.
You are out of magic!
Unknown command.
You hit the dart slug.
You kill the dart slug!
You have reached level 3!
Your experience leads to an increase in your attributes!
Increase (s)trength, (i)ntelligence, or (d)exterity?
You feel clever. x2; You feel stronger.
Unknown command.
Are you sure you want to abandon this character and quit the game? (Confirm with "yes".)

######$.##........#
,
.......###...$.....
, ,*
#########........##*
, * #.......... ,~ ,
#....###### , , ,
#....# #.., #....#
#.# , ~~ ~ ~
#....###.# , ~
###.....@# ~
*######.)..~~~≈ ~ *
,, ##.##..≈≈ ,* * .#
,~≈ , *, .# , * .#
,* , *.# ~~~, .# ~ *


There were no monsters in sight!

Vanquished Creatures
  A gnoll (D:1)
  A dart slug (D:1)
  A ball python (D:1)
  A bat (D:1)
  A hobgoblin (D:1)
5 creatures vanquished.

Notes
Turn   | Place    | Note
-------+----------+-------------------------------------------
     0 | D:1      | sentinel the Meteoran Earth Elementalist began the quest
                  | for the Orb.
     0 | D:1      | Reached XP level 1. HP: 14/14 MP: 5/5
   121 | D:1      | Reached skill level 4 in Earth Magic
   121 | D:1      | Reached XP level 2. HP: 19/20 MP: 2/6
   134 | D:1      | Reached XP level 3. HP: 23/26 MP: 0/8
   134 | D:1      | Quit the game

Illustrated notes

Levels and vault maps discovered:
D:1:      evilmike_arrival_rings, layout_basic, chequers_ecumenical_altar_island

Skill      XL: |  1 |
---------------+----+-----
Earth Magic    | 4 |  4.7
Dodging        | |  2.4
Stealth        | |  1.4
Spellcasting   | |  2.6
Transmutations | |  1.2

Action                   || total
-------------------------++-------
Melee: Unarmed           ||     8
 Cast: Sandblast         ||     8
Armor: Robe              ||     5
Dodge: Dodged            ||     7
